Unix NetHack Version 5.0.0-0 post-release - last build Jul 11 2026 15:18:16 (a5a7a23833b1ad5d30b1c6e96a93a978492a6348,branch:main).

Game began 2026-07-13 06:20:21, ended 2026-07-13 08:51:40.

GdeVolpiano, chaotic male elven Wizard

                          --------------------------------
                          |..............................|
                          |...-----..----.------|-----...|
                         #|...|+..|--|..|.|.%%|.%|(((|...-########     -----
                         #....|%()|..|..-.-.%(|..|(((|...|       #     |...|
                         #|...|.?%|..|---.-------|...|...|       ##### |..>|
                      ####|...-|----|-...........--|--...|           % |...|
                      #  #|..................[...........|##o@[######%#-...|
                         #|...........{.-----|-.{........|#            |...|
                         #|.............|.....|.....[....|#            |...|
                         #|....---|-....|.....|..---|-...|#            -----
           #             #|.---|...||--.|.._..|-||...|...|#
           #       #     #|.|..|(.(|..|.|.....|..|.++|...|#
          -.-----  ##    #|.-..|(((|..|.------|..|+..|...|#
          |<....|  [#### #|.-----------.......--------...|#
          |......#########|..............................|#
          -------      #  --------------------------------#
                       ##    #############################

GdeVolpiano the Thaumaturge  St:11 Dx:13 Co:15 In:20 Wi:13 Ch:10  Chaotic
Dlvl:7  $:189 HP:0(52) Pw:15(80) AC:8  Xp:7 T:4362 

Latest messages:
 What do you want to use or apply? [klowxB or ?*]
 You produce a strange whistling sound.
 Heliodore appears.
 You climb up the stairs.
 Where do you want to travel to?
 (For instructions type a '?')
 The hill orc hits!
 The hill orc wields a curved sword!
 The hill orc throws a crude dagger!
 The crude dagger hits the hill orc.
 You hit the hill orc.
 You hit the hill orc.
 The hill orc hits!
 The hill orc hits!
 You kill the hill orc!
 The hill orc hits!
 You hit the hill orc.
 You hit the hill orc!
 The hill orc hits!
 You kill the hill orc!
 The hill orc picks up a crude dagger.
 You hit the hill orc.
 You kill the hill orc!
 In what direction?
 The dagger hits the hill orc!
 In what direction?
 The dagger hits the hill orc.
 In what direction?
 The dagger hits the hill orc.
 In what direction?
 The dagger hits the hill orc.
 You hear some noises.
 j - 2 uncursed daggers (at the ready) (4 in total).
 j - 2 uncursed daggers (at the ready) (6 in total).
 You hit the hill orc.
 You kill the hill orc!
 $ - 24 gold pieces (189 in total).
 You hit the hill orc.
 The hill orc swings his curved sword.
 The hill orc hits!
 You hit the hill orc.
 You hit the hill orc.
 The hill orc swings his curved sword.
 The hill orc hits!
 You die...
 Do you want your possessions identified? [ynq] (y)
 Do you want to see your attributes? [ynq] (y)
 Do you want an account of creatures vanquished? [ynaq] (y)
 Do you want to see your conduct and achievements? [ynq] (y)
 Do you want to see the dungeon overview? [ynq] (y)

Inventory:
 Coins    ('$')
  $ - 189 gold pieces
 Weapons  (')')
  T - a blessed +0 dagger (weapon in right hand)
  j - 6 +0 daggers (at the ready)
  n - a +0 elven dagger
 Armor    ('[')
  H - an uncursed +0 pair of speed boots (being worn)
  b - an uncursed +0 cloak of magic resistance (being worn)
 Comestibles  ('%')
  N - 7 uncursed food rations
  t - 2 uncursed fortune cookies
  W - an uncursed tin of spinach
  y - 2 uncursed lichen corpses
 Scrolls  ('?')
  s - an uncursed scroll of teleportation
 Potions  ('!')
  C - an uncursed potion of extra healing
  A - a cursed potion of hallucination
 Rings    ('=')
  v - an uncursed ring of invisibility
  Y - an uncursed ring of levitation
  g - an uncursed ring of see invisible
  d - an uncursed ring of slow digestion (on right hand)
  e - an uncursed ring of teleportation
 Tools    ('(')
  x - an uncursed bag of holding containing 1 item
  o - an uncursed blindfold
  k - an uncursed lock pick
  B - an uncursed magic lamp
  w - an uncursed magic whistle
  l - a blessed oil lamp
 Gems/Stones  ('*')
  D - an uncursed black opal
  z - 2 uncursed worthless pieces of red glass

Contents of the bag of holding:
  a +0 pick-axe

GdeVolpiano the Wizard's attributes:

Background:
 You were a Thaumaturge, a level 7 male elven Wizard.
 You were chaotic, on a mission for Anhur
 who was opposed by Ptah (lawful) and Thoth (neutral).
 You were right-handed.
 You were in the Gnomish Mines, on level 7.
 You entered the dungeon 4362 turns ago.
 You had 1164 experience points, 116 more were needed to attain level 8.

Basics:
 You had 0 out of 52 hit points.
 You had 15 out of 80 energy points (spell power).
 Your armor class was 8.
 Your wallet contained 189 zorkmids.
 Autopickup was on for '$?!/="+' plus thrown, with exceptions.

Final Characteristics:
 Your strength was 11 (limit:18).
 Your dexterity was 13 (limit:18).
 Your constitution was 15 (limit:16).
 Your intelligence was 20 (limit:20).
 Your wisdom was 13 (limit:20).
 Your charisma was 10 (limit:18).

Final Status:
 You weren't hungry.
 You were unencumbered.
 You were wielding a dagger.
 You were skilled in dagger.

Final Attributes:
 You were piously aligned.
 You were magic-protected.
 You were sleep resistant.
 You were telepathic.
 You had infravision.
 You had slower digestion.
 You were warded.
 You were very fast.
 You are dead.

Miscellaneous:
 You didn't encounter any bones levels.
 Total elapsed playing time was 1 hour and 36 seconds.

Major events:
 Turn
    1: GdeVolpiano the chaotic male elven Wizard entered the dungeon
  524: attained the rank of Conjurer (level 3)
 1660: entered the Gnomish Mines
 2428: attained the rank of Thaumaturge (level 6)
 2719: read a Discworld novel
 3536: reached Mine Town
 4362: killed by a hill orc

Spells:
 Name                 Level Category     Fail Retention
 force bolt             1   attack         0%   76%-80%
 slow monster           2   enchantment    0%   71%-80%
 protection             1   clerical       0%  76%-100%
 knock                  1   matter         0%  76%-100%
 chain lightning        2   attack         0%  96%-100%
 extra healing          3   healing       63%  76%-100%

Skills:
 Fighting Skills
   bare handed combat [Unskilled]
   riding             [Unskilled]
 Weapon Skills
   dagger             [Skilled]
   knife              [Unskilled]
   axe                [Unskilled]
   short sword        [Unskilled]
   club               [Unskilled]
   mace               [Unskilled]
   quarterstaff       [Basic]
   polearms           [Unskilled]
   spear              [Unskilled]
   trident            [Unskilled]
   sling              [Unskilled]
   dart               [Unskilled]
   shuriken           [Unskilled]
 Spellcasting Skills
   attack spells      [Skilled]
   healing spells     [Unskilled]
   divination spells  [Unskilled]
   enchantment spells [Basic]
   clerical spells    [Unskilled]
   escape spells      [Unskilled]
   matter spells      [Unskilled]

Voluntary challenges:
 Character rerolling was not enabled.
 You never genocided any monsters.
 You never polymorphed an object.
 You never changed form.
 You used no wishes.
Achievements:
 You entered a shop.
 You attained the rank of Conjurer.
 You entered the Gnomish Mines.
 You attained the rank of Thaumaturge.
 You read from a Discworld novel.
 You entered Minetown.
 You entered a temple.

 The Dungeons of Doom: levels 1 to 4
    Level 1: "vault"
    Level 2: "vault"
       A scroll shop, a grave.
    Level 3:
       A scroll shop, a fountain.
    Level 4:
       A fountain.
       Stairs down to The Gnomish Mines.
 The Gnomish Mines: levels 5 to 8
    Level 5:
    Level 6:
    Level 7: <- You were here.
       Many shops, a temple and an altar, some fountains.
       Final resting place for
          you, killed by a hill orc.
    Level 8:


Vanquished creatures:
  a large mimic
  2 small mimics
  a quivering blob
  a giant spider
  a dwarf leader
  a blue jelly
  a raven
  a human zombie
  2 shriekers
  6 gnome leaders
  4 gnomish wizards
  2 elf zombies
  a little dog
  2 floating eyes
  3 kittens
  8 dwarves
  2 kobold shamans
  5 hill orcs
  a giant bat
  3 orc zombies
  8 dwarf zombies
  4 iguanas
  a coyote
  a hobbit
  a large kobold
  3 hobgoblins
  8 giant rats
 28 gnomes
  4 garter snakes
  2 geckos
  7 jackals
  a fox
  a kobold
  4 goblins
  4 sewer rats
  6 grid bugs
  a bat
  2 lichens
  a kobold zombie
  5 newts
140 creatures vanquished.

No species were genocided or became extinct.

Game over:
                       ----------
                      /          \
                     /    REST    \
                    /      IN      \
                   /     PEACE      \
                  /                  \
                  |   GdeVolpiano    |
                  |      189 Au      |
                  | killed by a hill |
                  |       orc        |
                  |                  |
                  |                  |
                  |       2026       |
                 *|     *  *  *      | *
        _________)/\\_//(\/(/\)/\//\/|_)_______

Goodbye GdeVolpiano the Wizard...

You died in The Gnomish Mines on dungeon level 7 with 5221 points,
and 189 pieces of gold, after 4362 moves.
You were level 7 with a maximum of 52 hit points when you died.

